 Dungeon Crawl Stone Soup version 0.29-a0-717-g6dac4ea423 (webtiles) character file.

Game seed: 9880394377760371727

3612 wingedge the Firebug (level 10, -1/71 HPs)
             Began as a Human Fire Elementalist on June 26, 2022.
             Was a Believer of Qazlal.
             Slain by an orc priest
             ... wielding a +0 short sword
              (5 damage)
             ... on level 8 of the Dungeon.
             The game lasted 00:46:22 (7516 turns).

wingedge the Firebug (Human Fire Elementalist)      Turns: 7516, Time: 00:46:22

Health: -1/71      AC:  9    Str:  4    XL:     10   Next: 32%
Magic:  1/17       EV: 13    Int: 20    God:    Qazlal [**....]
Gold:   33         SH:  3    Dex: 19    Spells: 5/18 levels left

rFire   . . .      SeeInvis .   a - +7 scimitar "Hucid" {vorpal, rC+ Str-5 Dex+6 Stlth+}
rCold   + . .      Faith    .   (no shield)
rNeg    . . .      Spirit   .   t - +1 leather armour {Will+}
rPois   +          Reflect  .   m - +0 helmet
rElec   .          Harm     .   (no cloak)
rCorr   .          Rampage  .   (no gloves)
Will    +....                   (no boots)
Stlth   +++.......              (no amulet)
HPRegen 0.21/turn               f - +4 ring of protection
MPRegen 0.15/turn               y - ring of poison resistance

@: hasted, very quick
A: no striking features
a: Renounce Religion, Upheaval


You were on level 8 of the Dungeon.
You worshipped Qazlal.
Qazlal was pleased with you.
You visited 1 branch of the dungeon, and saw 8 of its levels.

You collected 524 gold pieces.
You spent 491 gold pieces at shops.

Inventory:

Hand Weapons
 a - the +7 scimitar "Hucid" (weapon) {vorpal, rC+ Str-5 Dex+6 Stlth+}
   (You bought it in a shop on level 4 of the Dungeon)

   It inflicts extra damage upon your enemies.
   Str:       It affects your strength (-5).
   Dex:       It affects your dexterity (+6).
   rC:        It protects you from cold.
   Stlth:     It makes you more stealthy.
 k - a +2 antimagic short sword
 r - a +1 short sword of holy wrath
Missiles
 d - 2 javelins
 s - 2 curare-tipped darts
Armour
 m - a +0 helmet (worn)
 t - a +1 leather armour of willpower (worn)
 z - a +2 robe of resistance
Magical Staves
 b - a staff of conjuration
 o - a staff of death
Jewellery
 f - a +4 ring of protection (left hand)
 y - a ring of poison resistance (right hand)
Wands
 A - a wand of iceblast (4)
Scrolls
 c - 2 scrolls of magic mapping
 e - a scroll of fear
 g - 2 scrolls of teleportation
 h - 2 scrolls of silence
 i - 2 scrolls of fog {unknown}
 n - 2 scrolls of noise {unknown}
 v - a scroll of poison {unknown}
 E - a scroll of vulnerability {unknown}
Potions
 j - 2 potions of invisibility
 l - 3 potions of heal wounds {unknown}
 p - a potion of attraction {unknown}
 q - a potion of ambrosia {unknown}
 u - a potion of brilliance
 w - 2 potions of mutation {unknown}
 x - 2 potions of haste
 B - 3 potions of curing
 C - a potion of resistance {unknown}


   Skills:
 + Level 4.1 Fighting
 * Level 5.7 Short Blades
 + Level 4.2 Armour
 + Level 4.1 Dodging
 - Level 2.0 Stealth
 + Level 4.9 Spellcasting
 * Level 6.4 Conjurations
 + Level 0.7 Hexes
 * Level 6.9 Fire Magic
 * Level 2.5 Invocations


You had 5 spell levels left.
You knew the following spells:

 Your Spells              Type           Power      Damage    Failure   Level
a - Foxfire               Conj/Fire      100%       2x1d9     1%          1
b - Scorch                Fire           64%        2d8       1%          2
c - Conjure Flame         Conj/Fire      31%        6-21      3%          3
d - Flame Wave            Conj/Fire      31%        2d8       12%         4
e - Inner Flame           Hex/Fire       20%        N/A       12%         3

Your spell library contained the following spells:

 Spells                   Type           Power      Damage    Failure   Level


Dungeon Overview and Level Annotations

Branches:
Dungeon (8/15)             Temple (0/1) D:5
   Lair: D:8-11

Altars:
Kikubaaqudgha
Qazlal
Xom

Shops:
D:4 *   D:7 [!(:[:

Annotations:
D:5 3 runed translucent doors, zhov's ghost, novice GnHu


Message History

A kobold brigand comes into view.
It is wielding a +0 short sword and quivering poisoned darts.
The orc priest shouts!
You hear a shout!
An orc warrior comes into view.
It is wielding a +1 long sword of electrocution.
The kobold brigand moves out of view.
The orc warrior shouts!
You hear a shout!
An orc comes into view. It is wielding a +0 dagger.
The orc priest calls down the wrath of Beogh upon you.
Beogh smites you!
* * * LOW HITPOINT WARNING * * *
Casting: Scorch (safe; 1% risk of failure)
Confirm with . or Enter, or press ? or * to list all spells.
Okay, then.
You feel better.
You feel yourself speed up.
An orc comes into view. It is wielding a +0 club.
Casting: Scorch (safe; 1% risk of failure)
Confirm with . or Enter, or press ? or * to list all spells.
Okay, then.
Casting: Scorch (safe; 1% risk of failure)
Confirm with . or Enter, or press ? or * to list all spells.
Casting: Flame Wave (dangerous; 12% risk of failure)
Press: ? - help, Dir - look around, f - activate A wave of flame ripples out!
The flame wave engulfs the orc warrior!
The orc warrior is moderately wounded. (Press . to intensify the flame waves.)
You hear a shout! x3
Without enough magic to sustain them, the waves of flame dissipate.
You barely miss the orc priest.
The orc warrior hits you with a +1 long sword of electrocution.
The orc priest calls upon Beogh to heal the orc warrior.
The orc warrior is healed somewhat.
You barely miss the orc priest.
The orc warrior hits you with a +1 long sword of electrocution!
* * * LOW HITPOINT WARNING * * *
You hit the orc priest.
The orc priest is heavily wounded.
The orc warrior hits you with a +1 long sword of electrocution!
* * * LOW HITPOINT WARNING * * *
The orc priest hits you with a +0 short sword.
You die...

#≈≈≈≈ .....♣
#≈≈≈≈ #.....#
#≈≈≈.. #....♣
#≈≈... +...#
#≈≈≈$.####o..#
#≈≈≈≈.....P..#
#≈≈≈..§oo...#
#≈≈≈...@o...#
#≈≈≈..####..#
#≈≈≈. #..# #≈≈≈
#..##++# #≈≈
#......# #≈
............## #
............#.P
.........P..P..♣#
....##g#......♣.♣


You could see an orc warrior, an orc priest and 2 orcs.

Vanquished Creatures
  Pikel (D:5)
  Maggie (D:6)
  Grinder (D:3)
  A hornet (D:8)
  Sigmund (D:3)
  Eustachio (D:5)
  Edmund (D:4)
  Menkaure (D:4)
  Duvessa (D:4)
  A water moccasin (D:6)
  2 ice beasts
  2 orc warriors
  A black bear (D:6)
  2 bullfrogs
  2 scorpions (D:5)
  3 wights (D:6)
  Dowan (D:4)
  2 howler monkeys (D:8)
  4 hounds
  2 jellies
  A gnoll shaman (D:7)
  An orc priest (D:8)
  5 orc wizards
  Jessica (D:2)
  An iguana (D:4)
  Terence (D:2)
  Robin (D:2)
  5 gnolls (D:7)
  7 adders
  2 shadow imps
  A white imp (D:7)
  2 worms
  2 dart slugs
  28 orcs
  8 ball pythons
  5 endoplasms
  3 giant cockroaches
  15 goblins
  11 hobgoblins
  8 jackals
  8 kobolds
  6 quokkas
  5 bats
  A frilled lizard (D:3)
  6 rats
165 creatures vanquished.

Vanquished Creatures (others)
  538 foxfires
  6 fungi (D:8)
  2 plants (D:8)
546 creatures vanquished.

Grand Total: 711 creatures vanquished

Notes
Turn   | Place    | Note
-------+----------+-------------------------------------------
     0 | D:1      | wingedge the Human Fire Elementalist began the quest for
                  | the Orb.
     0 | D:1      | Reached XP level 1. HP: 13/13 MP: 3/3
   204 | D:1      | Reached XP level 2. HP: 19/19 MP: 1/5
   525 | D:1      | Reached XP level 3. HP: 25/25 MP: 3/6
   542 | D:1      | Learned a level 2 spell: Scorch
   721 | D:1      | You fall into a shaft and drop 1 floor!
   721 | D:2      | Found a shimmering altar of Xom.
   754 | D:2      | Noticed Terence
   766 | D:2      | Killed Terence
   767 | D:2      | Reached XP level 4. HP: 31/31 MP: 0/7
   831 | D:2      | Reached skill level 1 in Fighting
  1080 | D:2      | Reached skill level 1 in Armour
  1146 | D:2      | Noticed Robin
  1158 | D:2      | Killed Robin
  1257 | D:2      | Reached XP level 5. HP: 37/37 MP: 5/8
  1441 | D:2      | Reached skill level 1 in Short Blades
  1919 | D:2      | Noticed Jessica
  1927 | D:2      | Killed Jessica
  2264 | D:3      | Found a stormy altar of Qazlal.
  2273 | D:3      | Became a worshipper of Qazlal Stormbringer
  2351 | D:3      | Reached XP level 6. HP: 43/43 MP: 4/9
  2537 | D:3      | Learned a level 3 spell: Conjure Flame
  2542 | D:3      | Learned a level 4 spell: Flame Wave
  2694 | D:3      | Found an ancient bone altar of Kikubaaqudgha.
  2694 | D:3      | Noticed Grinder
  2701 | D:3      | Paralysed by Grinder for 4 turns
  2720 | D:3      | Killed Grinder
  2721 | D:3      | Reached XP level 7. HP: 34/49 MP: 3/11
  3137 | D:3      | Noticed Sigmund
  3151 | D:3      | Killed Sigmund
  3379 | D:3      | Found a shimmering altar of Xom.
  3546 | D:4      | Noticed Edmund
  3618 | D:4      | Noticed Menkaure
  3624 | D:4      | Killed Menkaure
  3647 | D:4      | Killed Edmund
  3648 | D:4      | Reached skill level 5 in Fire Magic
  3648 | D:4      | Reached XP level 8. HP: 34/57 MP: 0/12
  3830 | D:4      | Found Waqaiz's Assorted Antiques.
  3880 | D:4      | Bought a brightly glowing scimitar for 207 gold pieces
  3880 | D:4      | Identified the +7 scimitar "Hucid" {vorpal, rC+ Str-5 Dex+6
                  | Stlth+} (You bought it in a shop on level 4 of the Dungeon)
  4041 | D:4      | Noticed Dowan
  4046 | D:4      | Killed Dowan
  4047 | D:4      | Noticed Duvessa
  4063 | D:4      | Killed Duvessa
  4646 | D:5      | Entered Level 5 of the Dungeon
  4677 | D:5      | Noticed Pikel
  4691 | D:5      | Killed Pikel
  4692 | D:5      | Reached skill level 5 in Conjurations
  4692 | D:5      | Reached XP level 9. HP: 61/64 MP: 7/14
  4697 | D:5      | Noticed zhov's ghost (novice GnHu)
  4770 | D:5      | Found a staircase to the Ecumenical Temple.
  4774 | D:5      | Reached * piety under Qazlal
  4862 | D:5      | Found a runed translucent gate.
  4862 | D:5      | Found a runed translucent gate.
  4862 | D:5      | Found a runed translucent gate.
  4951 | D:5      | Noticed Eustachio
  4989 | D:5      | Killed Eustachio
  5756 | D:6      | Reached skill level 5 in Short Blades
  5817 | D:6      | Reached ** piety under Qazlal
  5829 | D:6      | Noticed Maggie
  5837 | D:6      | Killed Maggie
  5838 | D:6      | Reached skill level 1 in Invocations
  5838 | D:6      | Reached XP level 10. HP: 71/71 MP: 1/16
  6387 | D:7      | Found Apsuwuim's Armour Emporium.
  6628 | D:7      | Found Kanetin's Self-Improvement Boutique.
  6919 | D:7      | Found Itsazoss's Weapon Shop.
  6929 | D:7      | Found Lourgh Kaupny's Distillery.
  6942 | D:7      | Found Asaowof's Armour Emporium.
  6965 | D:7      | Bought a +1 leather armour of willpower for 154 gold pieces
  6979 | D:7      | Bought a potion of brilliance for 52 gold pieces
  6979 | D:7      | Bought a potion of curing for 39 gold pieces
  6979 | D:7      | Bought a potion of curing for 39 gold pieces
  7004 | D:7      | Learned a level 3 spell: Inner Flame
  7294 | D:7      | Found Ydacejih's Book Emporium.
  7516 | D:8      | Slain by an orc priest

Illustrated notes

Levels and vault maps discovered:
D:1:      tarquinn_simple_flora_water_d, layout_rooms,
          shapermc_ecumenical_altar_totnotflames
D:2:      layout_basic, basic_altar, uniq_terence, uniq_robin, uniq_jessica
D:3:      layout_loops_corners, grunt_qazlal_sundering, marbit_many_paths,
          lemuel_doored_altar, uniq_sigmund, uniq_grinder
D:4:      layout_cave_pools, serial_shops, shop, uniq_duvessa, uniq_edmund,
          uniq_menkaure
D:5:      layout_basic, minmay_temple_entry_statues_pillars,
          gammafunk_ghost_icy, uniq_eustachio, uniq_pikel
D:6:      layout_gridville, nrook_campfire, grunt_decor_clamped,
          chequers_decorated_corner, uniq_maggie
D:7:      layout_gridville, serial_shops, nicolae_diamond_shop, shop_coins,
          nicolae_shop_bloodbath_and_beyond, kennysheep_mini, shop,
          nicolae_shop_self_help
D:8:      kennysheep_seaside_town, layout_basic, minitemple,
          mainiacjoe_overflow_catch_the_wave, mainiacjoe_overflow_brackets,
          mrwooster_statue_mirror

Skill      XL: |  1  2  3  4  5  6  7  8  9 10 |
---------------+-------------------------------+-----
Conjurations   | 2 3 4 5 6 |  6.4
Fighting       | 1 2 3 4 |  4.1
Armour         | 1 2 3 4 |  4.2
Short Blades   | 1 2 3 4 5 |  5.7
Fire Magic     | 4 5 6 |  6.9
Spellcasting   | 3 4 |  4.9
Dodging        | 3 4 |  4.1
Invocations    | 1 2 |  2.5
Stealth        | |  2.0
Hexes          | |  0.7

Action                   |  1- 3 |  4- 6 |  7- 9 | 10-12 || total
-------------------------+-------+-------+-------+-------++-------
Melee: Dagger            |     4 |     1 |       |       ||     5
       Short sword       |       |    20 |     1 |       ||    21
       Scimitar          |       |       |    52 |    15 ||    67
       Punch             |       |       |     1 |       ||     1
       Staff             |       |       |       |     1 ||     1
Throw: Dart              |       |       |    12 |       ||    12
       Boomerang         |       |       |     3 |       ||     3
 Cast: Foxfire           |    45 |    96 |   115 |    53 ||   309
       Scorch            |       |     4 |    12 |     7 ||    23
       Conjure Flame     |       |     2 |     4 |     4 ||    10
       Flame Wave        |       |       |     5 |     2 ||     7
Invok: Upheaval          |       |       |       |     1 ||     1
Evoke: Wand              |       |       |     8 |       ||     8
  Use: Potion            |       |     1 |     1 |     2 ||     4
       Scroll            |       |       |     4 |     6 ||    10
 Stab: Sleeping          |       |     1 |     1 |       ||     2
Armor: Robe              |       |     7 |    15 |     3 ||    25
       Leather armour    |       |       |       |     6 ||     6
Dodge: Dodged            |     3 |    21 |    42 |    15 ||    81
Block: Other             |       |       |     2 |       ||     2

Table legend: (Time is in decaauts)
 A = Elapsed time spent in this place.
 B = Non-inter-level travel time spent in this place.
 C = Inter-level travel time spent in this place.
 D = Time resting spent in this place.
 E = Time spent auto-exploring this place.
 F = Levels seen in this place.
 G = Mean time per level.
                   A        B        C        D        E       F      G
               +--------+--------+--------+--------+--------+-----+--------+
         Total |   7496 |   7385 |    111 |   2146 |   3482 |   8 |  937.0 |
       Dungeon |   7496 |   7385 |    111 |   2146 |   3482 |   8 |  937.0 |
               +--------+--------+--------+--------+--------+-----+--------+

Top non-repeatable levels by time:
     D:3: 1581 daAuts
     D:2: 1306 daAuts
     D:7: 1061 daAuts
     D:4: 1035 daAuts
     D:5: 873 daAuts
     D:6: 840 daAuts
     D:1: 720 daAuts
     D:8: 77 daAuts
